 Dungeon Crawl Stone Soup version 0.14.2 (webtiles) character file.

7 Amnesiac the Charlatan (level 1, 0/9 HPs)
             Began as a Spriggan Artificer on Feb 10, 2018.
             Slain by a ball python (1 damage)
             ... on Level 1 of the Dungeon.
             The game lasted 00:00:41 (507 turns).

Amnesiac the Charlatan (Spriggan Artificer)          Turns: 507, Time: 00:00:41

HP   0/9         AC  2     Str  7      XL: 1   Next: 83%
MP   2/2         EV 18     Int 13      God:
Gold 0           SH  0     Dex 16      Spells:  0 memorised,  0 levels left

rFire  . . .     SeeInvis +     a - +0 short sword
rCold  . . .     Clarity  .     e - +0 robe
rNeg   . . .     Conserve .     (shield restricted)
rPois  .         rCorr    .     (helmet restricted)
rElec  .         rRot     .     (no cloak)
SustAb . .       Spirit   .     (gloves unavailable)
rMut   .         Warding  .     (boots unavailable)
Saprov . . .     Stasis   .     (no amulet)
MR     .....                    (no ring)
                                (no ring)

@: constricted, very quick, not resistant to hostile enchantments, fairly
stealthy
A: unfitting armour, see invisible, herbivore 3, speed 3, slow metabolism 2
a: no special abilities


You were on level 1 of the Dungeon.
You were not hungry.

You visited 1 branch of the dungeon, and saw 2 of its levels.

Inventory:

Hand weapons
 a - a +0,+0 short sword (weapon)
Armour
 e - a +0 robe (worn)
Magical devices
 b - a wand of flame (15)
 c - a wand of enslavement (15)
 d - a wand of random effects (15)
Comestibles
 i - a bread ration
Scrolls
 g - a scroll of identify {!r, unknown}
Potions
 f - a potion of porridge {!q}
 h - a potion of restore abilities {!q, unknown}


   Skills:
 - Level 0.7 Fighting
 + Level 1.5 Short Blades
 - Level 3.3 Dodging
 - Level 2.0 Stealth
 - Level 4.1 Evocations


You couldn't memorise any spells.
You didn't know any spells.

Dungeon Overview and Level Annotations

Branches:
Dungeon (2/15)

Altars:


Innate Abilities, Weirdness & Mutations

You are tiny and cannot use many weapons and most armour.
You have supernaturally acute eyesight.
You are a herbivore.
You cover ground extremely quickly.
You need consume almost no food.


Message History

You hit the hobgoblin.
The hobgoblin is moderately wounded.
The hobgoblin hits you with a club.
You hit the hobgoblin but do no damage.
The hobgoblin is moderately wounded.
The hobgoblin closely misses you.
You hit the hobgoblin.
The hobgoblin is heavily wounded.
The hobgoblin hits you with a club.
You hit the hobgoblin.
The hobgoblin is almost dead.
The hobgoblin hits you but does no damage.
You hit the hobgoblin but do no damage.
The hobgoblin is almost dead.
The hobgoblin hits you but does no damage.
You hit the hobgoblin.
You kill the hobgoblin!
No target in view!
No target in view!
Found a ring mail.
Things that are here:
a club; a hobgoblin corpse You start resting.
HP restored.
Found a metallic white potion.
There is a stone staircase leading down here.
A ball python comes into view.
The ball python completely misses you. The ball python grabs you.
The ball python constricts you.
You see here a metallic white potion {!q}.
You closely miss the ball python. The ball python closely misses you.
The ball python constricts you.
You closely miss the ball python. The ball python closely misses you.
The ball python constricts you.
You barely miss the ball python. The ball python misses you.
The ball python constricts you.
The ball python bites you but does no damage.
The ball python constricts you.
You hit the ball python but do no damage.
The ball python bites you. The ball python constricts you.
You closely miss the ball python. The ball python barely misses you.
The ball python constricts you.
You hit the ball python.
The ball python is moderately wounded.
The ball python misses you. The ball python constricts you.
You barely miss the ball python.
The ball python is moderately wounded.
The ball python misses you. The ball python constricts you.
The ball python closely misses you.
* * * LOW HITPOINT WARNING * * *
The ball python constricts you.
You hit the ball python but do no damage.
The ball python is moderately wounded.
The ball python closely misses you. The ball python constricts you.
You closely miss the ball python.
The ball python is moderately wounded.
The ball python barely misses you.
* * * LOW HITPOINT WARNING * * *
The ball python constricts you.
You closely miss the ball python.
The ball python is moderately wounded.
The ball python bites you.
* * * LOW HITPOINT WARNING * * *
You die...

#[.......)..%...#
#####.......##.#
#.#.###.#
######.#.###.#######
#......#....%.......
#......#.>##>#######
#.........##.#
#............#
#..@..###.####
###S### #.# #.# #.#
#.# #.# #.. ..# ###
###


You could see a ball python.

Vanquished Creatures
  2 goblins (D:1)
  A hobgoblin (D:1)
  2 kobolds
  A bat (D:2)
  A rat (D:1)
7 creatures vanquished.

Notes
Turn   | Place    | Note
--------------------------------------------------------------
     0 | D:1      | Amnesiac, the Spriggan Artificer, began the quest for the Orb.
     0 | D:1      | Reached XP level 1. HP: 9/9 MP: 2/2
   507 | D:1      | Slain by a ball python

Action                   || total
-------------------------++-------
Melee: Short sword       ||    38
 Stab: Sleeping          ||     1
